 Dungeon Crawl Stone Soup version 0.26.0-10-g1f06aea511 (webtiles) character file.

Game seed: 10742203545594881511

91 MajorAdolf the Sneak (level 4, -2/38 HPs)
             Began as a Naga Wanderer on Jan 16, 2021.
             Slain by a river rat (8 damage)
             ... in a sewer.
             The game lasted 00:03:57 (2464 turns).

MajorAdolf the Sneak (Naga Wanderer)                Turns: 2464, Time: 00:03:58

Health: -2/38      AC:  6    Str: 13    XL:     4   Next: 59%
Magic:  4/4        EV:  6    Int: 14    God:
Gold:   124        SH:  5    Dex: 17    Spells: 3/3 levels left

rFire    . . .     SeeInvis +   e - +0 dagger
rCold    . . .     Faith    .   (no shield)
rNeg     + . .     Spirit   .   r - +1 scale mail {rN+}
rPois    +         Reflect  +   (no helmet)
rElec    .         Harm     .   n - +0 cloak
rCorr    .         Rampage  .   (no gloves)
Will     .....                  (no barding)
Stlth    ++........             j - amulet of reflection
HPRegen  0.12/turn              l - +6 ring of dexterity
MPRegen  0.09/turn              (no ring)

@: very slow
A: large, see invisible, deformed body, poison resistance, slowness 2, spit
poison 1, AC +1
a: Spit Poison


You were in a sewer.
You visited 1 branch of the dungeon, and saw 3 of its levels.
You also visited: Sewer.

You collected 124 gold pieces.

Inventory:

Hand Weapons
 a - a +0 mace
 e - a +0 dagger (weapon)
Armour
 d - a +0 robe
 h - a +0 ring mail
 n - a +0 cloak (worn)
 r - a +1 scale mail of positive energy (worn)
Jewellery
 j - an amulet of reflection (around neck)
 l - a +6 ring of dexterity (left hand)
 v - a +4 ring of slaying {unknown}
Wands
 b - a wand of flame (13) (quivered)
Scrolls
 i - 2 scrolls of identify
 p - a scroll of teleportation
Potions
 f - a potion of mutation {unknown}
 g - a potion of heal wounds {unknown}
 k - a potion of flight {unknown}
 m - a potion of attraction {unknown}
 o - a potion of ambrosia {unknown}
 q - a potion of lignification {unknown}
 t - a potion of haste {unknown}


   Skills:
 - Level 1.0 Fighting
 + Level 4.0 Short Blades
 - Level 4.0 Maces & Flails
 - Level 1.0 Armour
 - Level 4.4 Stealth
 - Level 1.0 Evocations


You had 3 spell levels left.
You didn't know any spells.
Your spell library contained the following spells:

 Spells                   Type           Power        Failure   Level
 Animate Skeleton         Necr           0%           80%         1
 Apportation              Tloc           0%           80%         1
 Beastly Appendage        Tmut           0%           80%         1
 Corona                   Hex            0%           80%         1
 Summon Small Mammal      Summ           0%           80%         1
 Wereblood                Tmut           0%           91%         2
 Spider Form              Tmut/Pois      0%           99%         3
 Ice Form                 Ice/Tmut       0%           100%        4
 Blade Hands              Tmut           0%           100%        5


Dungeon Overview and Level Annotations

Branches:
Dungeon (3/15)              Sewer (1/1)

Altars:


Innate Abilities, Weirdness & Mutations

You cannot wear boots.
Your serpentine skin is tough. (AC +1)
You have supernaturally acute eyesight. (SInv)
Armour fits poorly on your strangely shaped body.
Your system is resistant to poisons. (rPois)
You cover ground very slowly.
You can spit poison.


Message History

You enter the shallow water.
Moving in this stuff is going to be slow.
There is a glowing drain here.
The world spins around you as you enter the gateway.
You enter a sewer! 3 rats and a river rat come into view.
Found a gate leading back out of this place.
There is an empty arch of ancient stone here.
Unknown command.
There is a gate leading back out of this place here.
The rat barely misses you. The rat bites you but does no damage.
You hit the rat.
You kill the rat!
You hit the rat.
You kill the rat!
The river rat bites you.
* * * LOW HITPOINT WARNING * * *
You see here a rat corpse.
The river rat bites you!
You die...

###
#@#
#r#
#r#
#.#
#∩#
#.#
#∩#
#.#
#.#


You could see a river rat and a rat.

Vanquished Creatures
  Terence (D:2)
  A river rat (D:3)
  2 adders (D:3)
  A worm (D:2)
  A dart slug (D:1)
  3 ball pythons
  4 bats (D:1)
  3 giant cockroaches
  5 hobgoblins (D:1)
  2 jackals (D:2)
  3 goblins
  3 kobolds
  10 rats
39 creatures vanquished.

Notes
Turn   | Place    | Note
-------+----------+-------------------------------------------
     0 | D:1      | MajorAdolf the Naga Wanderer began the quest for the Orb.
     0 | D:1      | MajorAdolf set off with the following items: a +0 mace, a
                  | wand of flame (15), a potion of curing, a +0 robe, a +0
                  | dagger
     0 | D:1      | Reached XP level 1. HP: 18/18 MP: 1/1
    92 | D:1      | Reached skill level 1 in Short Blades
   557 | D:1      | Reached XP level 2. HP: 25/25 MP: 2/2
  1680 | D:2      | Reached XP level 3. HP: 27/31 MP: 3/3
  2021 | D:2      | Noticed Terence
  2038 | D:2      | Killed Terence
  2248 | D:3      | Reached XP level 4. HP: 36/38 MP: 4/4
  2419 | D:3      | Found a glowing drain.
  2456 | Sewer    | Entered a sewer
  2464 | Sewer    | Slain by a river rat

Illustrated notes

Levels and vault maps discovered:
D:1:      eino_arrival_cavern_b, layout_loops_ring
D:2:      layout_basic, uniq_terence
D:3:      layout_basic, portal_sewer_entry_e
Sewer:    sewer_kobolds

Skill      XL: |  1  2  3  4 |
---------------+-------------+-----
Short Blades   | 1 2 3 4 |  4.0
Fighting       | |  1.0
Maces & Flails | |  4.0
Armour         | |  1.0
Stealth        | |  4.4
Evocations     | |  1.0

Action                   |  1- 3 |  4- 6 || total
-------------------------+-------+-------++-------
Melee: Dagger            |   124 |    73 ||   197
 Abil: Spit Poison       |    17 |     3 ||    20
Evoke: Wand              |       |     2 ||     2
  Use: Scroll            |     4 |       ||     4
       Potion            |       |     1 ||     1
 Stab: Sleeping          |     2 |       ||     2
Armor: Robe              |    12 |       ||    12
       Ring mail         |    31 |       ||    31
       Scale mail        |     3 |    52 ||    55
Dodge: Dodged            |    69 |    24 ||    93
Block: Other             |     9 |    11 ||    20
       Reflection        |       |     1 ||     1
